 Dungeon Crawl Stone Soup version 0.30-a0-989-g0d87f670db (webtiles) character file.

Game seed: 10880764091259335230

21 jtron the Gusty (level 2, 0/19 HPs)
             Began as a Demonspawn Wanderer on Apr 3, 2023.
             Slain by a quokka (4 damage)
             ... on level 1 of the Dungeon.
             The game lasted 00:01:44 (741 turns).

jtron the Gusty (Demonspawn Wanderer)                Turns: 741, Time: 00:01:45

Health: 0/19       AC:  3    Str: 13    XL:     2   Next: 65%
Magic:  5/5        EV: 11    Int: 13    God:
Gold:   60         SH:  0    Dex: 11    Spells: 4/5 levels left

rFire   . . .      SeeInvis .    a - +0 sling
rCold   . . .      Faith    .    (no shield)
rNeg    . . .      Spirit   .    f - +0 leather armour
rPois   .          Reflect  .    (no helmet)
rElec   .          Rampage  .    (no cloak)
rCorr   .                        (no gloves)
Will    .....                    (no boots)
Stlth   +                        (no amulet)
HPRegen 0.23/turn                (no ring)
MPRegen 0.09/turn                (no ring)

@: lethally poisoned (0 -> -2)
A: hooves 1
a: no special abilities


You were on level 1 of the Dungeon.
You visited 1 branch of the dungeon, and saw 2 of its levels.

You collected 60 gold pieces.

Inventory:

Hand Weapons
 a - a +0 sling (weapon)
 e - a +0 dagger
Missiles
 d - 3 stones
Armour
 f - a +0 leather armour (worn)
Scrolls
 b - a scroll of identify {unknown}
 h - a scroll of enchant armour {unknown}
Potions
 c - a potion of attraction
 g - a potion of might {unknown}


   Skills:
 + Level 2.0 Ranged Weapons
 + Level 2.1 Armour
 + Level 0.1 Dodging
 + Level 2.2 Spellcasting
 * Level 0.3 Conjurations
 + Level 2.9 Air Magic
 + Level 1.0 Evocations


You had 4 spell levels left.
You knew the following spells:

 Your Spells              Type           Power      Damage    Failure   Level
a - Shock                 Conj/Air       20%        1d4       16%         1

Your spell library contained the following spells:

 Spells                   Type           Power      Damage    Failure   Level
 Cigotuvi's Dreadful Rot  Necr/Pois/Air  8%         N/A       32%         2
 Mephitic Cloud           Conj/Pois/Air  4%         N/A       52%         3
 Hailstorm                Conj/Ice       1%         3d3       65%         3
 Summon Guardian Golem    Hex/Summ       1%         N/A       67%         3
 Ice Form                 Ice/Tmut       1%         N/A       97%         4
 Simulacrum               Ice/Necr       0%         N/A       100%        6
 Orb of Destruction       Conj           1%         9d5       100%        7
 Spellforged Servitor     Conj/Summ      0%         N/A       100%        7


Dungeon Overview and Level Annotations

Branches:
Dungeon (2/15)

Altars:


Innate Abilities, Weirdness & Mutations

You have large cloven feet.


Message History

You shoot a sling bullet. The sling bullet hits the bat.
You kill the bat!
No target in view!
No target in view!
No target in view!
h - a scroll labelled BIN COOMOM Done exploring.
There is a stone staircase leading down here.
You climb downwards.
Found a scroll labelled ZOPTEPH LUFUG.
There is a stone staircase leading up here.
You shoot a sling bullet.
The sling bullet barely misses the quokka.
You hear a shout!
An adder comes into view.
A goblin comes into view. It is wielding a +0 dagger.
You shoot a sling bullet.
The sling bullet closely misses the quokka.
The quokka bites you.
You shoot a sling bullet.
The sling bullet closely misses the quokka.
The sling bullet closely misses the adder.
The quokka bites you. The adder bites you.
The quokka bites you but does no damage.
You shoot a sling bullet.
The sling bullet completely misses the adder.
The adder bites you. The quokka bites you. The adder bites you.
You shoot a sling bullet. The sling bullet hits the adder.
The adder is heavily wounded.
The quokka bites you. The adder bites you but does no damage.
The goblin barely misses you. The quokka closely misses you.
The adder misses you. The goblin hits you but does no damage.
The quokka bites you. The adder bites you.
You are poisoned.
The adder poisons you!
You climb upwards.
You feel sick.
There is a stone staircase leading down here.
You feel sick. The goblin hits you but does no damage. The quokka bites you.
You die...

.# #....# #........### .#
#....# ##........). .#
#...## ##...##.... .#
##)## #########. .# #.#
####. .# #.# #.... .#####
#.# #.###
.#...###########g# #.#
.#............Sr@# #.#
.....############# #.#
.....# #.# ####.# #.# #.#
#.# ####.# #.# ..##.# #.#
#.##.#
#####################.#
#.##.#
#.....................###


You could see an adder, a quokka and a goblin.

Vanquished Creatures
  A dart slug (D:1)
  A ball python (D:1)
  2 bats (D:1)
  An endoplasm (D:1)
  A giant cockroach (D:1)
  2 goblins (D:1)
  A hobgoblin (D:1)
  2 jackals (D:1)
  3 kobolds (D:1)
  4 rats (D:1)
18 creatures vanquished.

Notes
Turn   | Place    | Note
-------+----------+-------------------------------------------
     0 | D:1      | jtron the Demonspawn Wanderer began the quest for the Orb.
     0 | D:1      | jtron set off with the following items: a +0 sling, a +0
                  | ring mail, a potion of attraction; and the following spell
                  | memorised: Shock; and the following spells available to
                  | memorise: Cigotuvi's Dreadful Rot, Mephitic Cloud.
     0 | D:1      | Reached XP level 1. HP: 13/13 MP: 3/3
   237 | D:1      | Gained mutation: You have large cloven feet. [demonic
                  | ancestry]
   237 | D:1      | Reached XP level 2. HP: 19/19 MP: 5/5
   741 | D:1      | Slain by a quokka

Illustrated notes

Levels and vault maps discovered:
D:1:      mushboom_english_gardens, layout_loops_ring
D:2:      layout_basic, basic_altar, palyth_stone_intersect,
          kennysheep_generic_room_13

Skill      XL: |  1  2 |
---------------+-------+-----
Armour         | 2 |  2.1
Ranged Weapons | 2 |  2.0
Dodging        | |  0.1
Spellcasting   | |  2.2
Conjurations   | |  0.3
Air Magic      | |  2.9
Evocations     | |  1.0

Action                     || total
---------------------------++-------
   Fire: Sling             ||    60
   Cast: Shock             ||     1
 Armour: Ring mail         ||     4
         Leather armour    ||    11
  Dodge: Dodged            ||    34

Table legend: (Time is in decaauts)
 A = Elapsed time spent in this place.
 B = Non-inter-level travel time spent in this place.
 C = Inter-level travel time spent in this place.
 D = Time resting spent in this place.
 E = Time spent auto-exploring this place.
 F = Levels seen in this place.
 G = Mean time per level.
                   A        B        C        D        E       F      G
               +--------+--------+--------+--------+--------+-----+--------+
         Total |    763 |    719 |     44 |      9 |    562 |   2 |  381.5 |
       Dungeon |    763 |    719 |     44 |      9 |    562 |   2 |  381.5 |
               +--------+--------+--------+--------+--------+-----+--------+

Top non-repeatable levels by time:
     D:1: 754 daAuts
     D:2: 8 daAuts
